 Dungeon Crawl Stone Soup version 0.19-a0-536-g4d3b45e (webtiles) character file.

151 Musica the Ruffian (level 5, -4/45 HPs)
             Began as a Ghoul Monk on June 1, 2016.
             Slain by an orc
             ... wielding a +0 whip
              (5 damage)
             ... on level 4 of the Dungeon on June 8, 2016.
             The game lasted 00:07:10 (1644 turns).

Musica the Ruffian (Ghoul Monk)                     Turns: 1644, Time: 00:07:11

Health: -4/45      AC:  3    Str: 15    XL:     5   Next: 33%
Magic:  4/4        EV: 13    Int:  2    God:
Gold:   44         SH:  0    Dex: 12    Spells: 0 memorised, 4 levels left

rFire  . . .     SeeInvis .       - Unarmed
rCold  + . .     Gourm    .     a - +0 robe
rNeg   + + +     Faith    .     (no shield)
rPois  ∞         Spirit   .     (no helmet)
rElec  .         Dismiss  .     (no cloak)
rCorr  .         Reflect  .     o - +0 pair of gloves
SustAt .         Harm     .     (no boots)
MR     .....                    (no amulet)
Stlth  ++........               (no ring)
                                q - -3 ring of intelligence (curse)

@: rotting, not resistant to hostile enchantments, unstealthy
A: rotting body, claws 1, carnivore 3, cold resistance 1, negative energy
resistance 3, slow regeneration 1, torment resistance, unbreathing
a: no special abilities


You were on level 4 of the Dungeon.
You were not hungry.

You visited 1 branch of the dungeon, and saw 4 of its levels.

You collected 44 gold pieces.

Inventory:

Missiles
 c - 8 tomahawks (quivered)
 f - 64 sling bullets
 i - 21 poisoned needles
Armour
 a - a +0 robe (worn)
 o - a +0 pair of gloves (worn)
Jewellery
 q - a cursed -3 ring of intelligence (left hand)
Potions
 e - a potion of ambrosia {unknown}
 n - 2 potions of curing
Comestibles
 b - a meat ration
 d - 9 chunks of flesh
 g - a beef jerky


   Skills:
 + Level 3.5 Fighting
 + Level 4.0 Dodging
 + Level 3.3 Stealth
 + Level 5.4 Unarmed Combat


You had 4 spell levels left.
You didn't know any spells.

Dungeon Overview and Level Annotations

Branches:
Dungeon (4/15)
 Temple: D:4-7

Altars:
Nemelex Xobeh
Uskayaw


Innate Abilities, Weirdness & Mutations

Your body is rotting away.
You thrive on raw meat.
You are immune to poison.
You have sharp fingernails.
You are carnivorous and can eat meat at any time.
Your flesh is cold resistant. (rC+)
You are immune to negative energy. (rN+++)
You regenerate slowly when monsters are visible.
You are immune to unholy pain and torment.
You can survive without breathing.


Message History

The orc is heavily wounded.
The orc closely misses you. The orc hits you with a short sword.
Something hits you. The orc hits you with a short sword.
You hit the orc.
The orc is almost dead.
The orc hits you but does no damage. The orc barely misses you.
You hear some strange, mumbled words.
A puff of flame appears from out of thin air!
The puff of flame hits you!
* * * LOW HITPOINT WARNING * * *
The orc barely misses you.
Eat one of 10 chunks of flesh? (ye/n/q/i?) This raw flesh tastes great!
The orc hits you with a whip.
* * * LOW HITPOINT WARNING * * *
The orc closely misses you. Something barely misses you.
The orc hits you with a short sword.
* * * LOW HITPOINT WARNING * * *
You continue eating.
The orc hits you with a whip.
You die...

## #. ...# # .
.# #.#######.#.#
......... ..##
........ ...
...)...##.######
#.{.<.......
#o@##.######
#oo# .# ...r. .#
###..#### #..#
#..# ...# ....


You could see 3 orcs and a quokka.

Vanquished Creatures
  Ijyb (D:2)
  5 adders
  An ooze (D:2)
  2 worms (D:2)
  2 dart slugs (D:1)
  A giant gecko (D:2)
  2 orcs
  6 giant cockroaches
  11 goblins
  10 hobgoblins
  4 jackals (D:3)
  A ball python (D:3)
  6 bats
  A giant newt (D:4)
  7 kobolds
  5 rats
65 creatures vanquished.

Notes
Turn   | Place    | Note
--------------------------------------------------------------
     0 | D:1      | Musica the Ghoul Monk began the quest for the Orb.
     0 | D:1      | Reached XP level 1. HP: 19/19 MP: 0/0
    86 | D:1      | Reached XP level 2. HP: 13/26 MP: 1/1
   268 | D:2      | Reached skill level 5 in Unarmed Combat
   442 | D:1      | Upgraded the game from 0.19-a0-442-g8935a21 to 0.19-a0-536-g4d3b45e
   526 | D:1      | Reached XP level 3. HP: 31/31 MP: 2/2
   638 | D:2      | Found a sparkling altar of Nemelex Xobeh.
   805 | D:2      | Noticed Ijyb
   814 | D:2      | Killed Ijyb
   814 | D:2      | Reached XP level 4. HP: 38/38 MP: 3/3
  1379 | D:2      | Reached XP level 5. HP: 42/45 MP: 4/4
  1611 | D:3      | Found a hide-covered altar of Uskayaw.
  1643 | D:4      | HP: 1/45 [orc/short sword (2)]
  1644 | D:4      | Slain by an orc

Vault maps used:
D:1:      lightli_arrival_flooded_house
D:2:      nemelex_spade_bored_becter, uniq_iyjb
D:3:      lemuel_crystal_altar, nicolae_gozag_cash_rules_everything_around_me,
          uniq_crazy_yiuf_cottage
D:4:      kennysheep_mini_moat, first_bread, uniq_sigmund, uniq_duvessa,
          uniq_pikel

Skill      XL: |  1  2  3  4  5 |
---------------+----------------+-----
Unarmed Combat | 5 |  5.4
Dodging        | 3 4 |  4.0
Stealth        | 3 |  3.3
Fighting       | |  3.5

Action                   |  1- 3 |  4- 6 || total
-------------------------+-------+-------++-------
Melee: Unarmed           |    86 |   119 ||   205
       Punch             |     2 |     1 ||     3
  Use: Potion            |     2 |       ||     2
       Scroll            |     1 |     9 ||    10
 Stab: Sleeping          |     3 |     4 ||     7
  Eat: Chunk             |    15 |    13 ||    28
Armor: Robe              |     8 |    30 ||    38
Dodge: Dodged            |    54 |    96 ||   150
